 Dungeon Crawl Stone Soup version 0.30.0-5-g1a98f26d00 (webtiles) character file.

Game seed: 2518738673297448687

56 SnakkuSnakku7 the Sneak (level 3, -2/27 HPs)
             Began as a Vampire Hedge Wizard on May 12, 2023.
             Slain by an orc
             ... wielding a +0 mace
              (7 damage)
             ... on level 3 of the Dungeon.
             The game lasted 00:02:59 (1702 turns).

SnakkuSnakku7 the Sneak (Vampire Hedge Wizard)      Turns: 1702, Time: 00:02:59

Health: -2/27      AC:  3    Str: 11    XL:     3   Next: 71%
Magic:  7/7        EV: 12    Int: 16    God:
Gold:   94         SH:  0    Dex: 13    Spells: 7/8 levels left

rFire   . .          .
                       - Unarmed
rCold   . . .        (no shield)
rNeg    . . .        b - +0 robe
rPois   .            c - +0 hat
rElec   .            (no cloak)
rCorr   .            h - +0 pair of gloves
SInv    +            (no boots)
Will    .....        (no amulet)
Stlth   ++           (no ring)
HPRegen 0.44/turn    (no ring)
MPRegen 0.10/turn

%: no passive effects
@: healing quickly, invisible
A: alive, fangs 3, see invisible, vampiric 2
a: Exsanguinate


You were on level 3 of the Dungeon.
You visited 1 branch of the dungeon, and saw 3 of its levels.

You collected 94 gold pieces.

Inventory:

Hand Weapons
 a - a +0 dagger
Missiles
 g - 2 poisoned darts
Armour
 b - a +0 robe (worn)
 c - a +0 hat (worn)
 h - a +0 pair of gloves (worn)
Scrolls
 e - a scroll of magic mapping {unknown}
 i - a scroll of fear {unknown}
 j - a scroll of enchant armour {unknown}
 l - a scroll of poison {unknown}
 o - a scroll of vulnerability {unknown}
Potions
 d - 2 potions of magic
 f - a potion of attraction
 k - a potion of cancellation
 n - a potion of might


   Skills:
 - Level 2.0 Fighting
 + Level 0.1 Throwing
 - Level 2.1 Dodging
 - Level 3.0 Stealth
 + Level 2.5 Unarmed Combat
 - Level 3.0 Spellcasting
 - Level 0.6 Conjurations
 - Level 1.0 Summonings
 - Level 0.7 Translocations


You had 7 spell levels left.
You knew the following spells:

 Your Spells              Type           Power      Damage    Failure   Level
a - Magic Dart            Conj           16%        1d3       14%         1

Your spell library contained the following spells:

 Spells                   Type           Power      Damage    Failure   Level
 Apportation              Tloc           8%         N/A       14%         1
 Slow                     Hex            8%         N/A       19%         1
 Call Imp                 Summ           10%        N/A       19%         2
 Blink                    Tloc           8%         N/A       22%         2
 Cigotuvi's Dreadful Rot  Necr/Pois/Air  4%         N/A       28%         2
 Mephitic Cloud           Conj/Pois/Air  3%         N/A       45%         3
 Alistair's Intoxication  Tmut/Pois      1%         N/A       99%         5


Dungeon Overview and Level Annotations

Branches:
Dungeon (3/15)

Altars:
Kikubaaqudgha
Uskayaw


Innate Abilities, Weirdness & Mutations

Your natural rate of healing is accelerated.
You have razor-sharp teeth.
You have supernaturally acute eyesight. (SInv)
You are afflicted with vampirism and can become a bat while bloodless.


Message History

The orc barely misses you. The orc hits you but does no damage.
You hit the orc but do no damage.
The orc is heavily wounded.
You barely miss the orc. You bite the orc.
The orc is almost dead.
The orc hits you with a +0 flail.
You barely miss the orc.
The orc is almost dead.
The orc hits you but does no damage. The orc barely misses you.
You barely miss the orc.
The orc is almost dead.
The orc hits you with a +0 dagger. The orc hits you with a +0 flail.
You hit the orc.
You kill the orc!
The orc barely misses you.
You hit the orc but do no damage. The orc barely misses you.
You barely miss the orc.
The orc shouts!
The orc hits you with a +0 flail.
You closely miss the orc. You closely miss the orc.
You bite the orc, but do no damage. The orc hits you but does no damage.
The orc closely misses you. The orc attacks as you move away!
The orc hits you with a +0 short sword. The orc closely misses you.
The orc attacks as you move away! The orc hits you with a +0 flail!
* * * LOW HITPOINT WARNING * * *
The orc hits you with a +0 flail.
* * * LOW HITPOINT WARNING * * *
The orc attacks as you move away! The orc hits you with a +0 mace.
* * * LOW HITPOINT WARNING * * *
There is a stone staircase leading down here.
The orc attacks as you move away! The orc misses you.
You aren't carrying any items that you can evoke.
Unknown command.
You fade into invisibility!
The orc completely misses you.
You closely miss the orc. Your punch misses the orc. You bite the orc.
The orc is moderately wounded.
The orc hits you with a +0 mace!
You die...

#.........#.......#._.#
#############..##.#...#
##>...##### #.#### #o#
#o#############
#o#...........#
#o#.#########.#
#@#.#.......#.#
#.#.#.#####.#.#
#.#.#.#####.#.#
#.#.#....##.#.#
#.#.#<...##.#.#
#.#.#######.#.#
#.#.......>.#.#
#.###########.#
#.............#


You could see 4 orcs.

Vanquished Creatures
  2 worms (D:2)
  A dart slug (D:1)
  2 orcs
  8 ball pythons
  5 endoplasms
  5 goblins
  3 hobgoblins (D:1)
  6 bats
  3 frilled lizards
  5 kobolds
  4 rats
44 creatures vanquished.

Notes
Turn   | Place    | Note
-------+----------+-------------------------------------------
     0 | D:1      | SnakkuSnakku7 the Vampire Hedge Wizard began the quest for
                  | the Orb.
     0 | D:1      | Reached XP level 1. HP: 13/13 MP: 4/4
    47 | D:1      | Reached skill level 1 in Unarmed Combat
    51 | D:1      | Reached skill level 1 in Fighting
    51 | D:1      | Reached XP level 2. HP: 4/21 MP: 6/6
    63 | D:1      | HP: 1/21 [hobgoblin (4)]
   717 | D:2      | Gained mutation: You are afflicted with vampirism and can
                  | become a bat while bloodless. [Vampire growth]
   717 | D:2      | Reached XP level 3. HP: 26/26 MP: 7/7
  1361 | D:3      | Identified the +6 long sword of Yffeas {antimagic, rPois
                  | rF- rN+++ Dex+3}
  1380 | D:3      | Noticed an ogre
  1557 | D:3      | Found an ancient bone altar of Kikubaaqudgha.
  1606 | D:3      | Found a hide-covered altar of Uskayaw.
  1702 | D:3      | Slain by an orc

Illustrated notes

Levels and vault maps discovered:
D:1:      dpeg_arrival_pits, layout_basic
D:2:      minmay_recursive_quarters, layout_rooms
D:3:      layout_basic, mainiacjoe_overflow_big_doors, uniq_grinder

Skill      XL: |  1  2  3 |
---------------+----------+-----
Unarmed Combat | 1 2 |  2.5
Fighting       | 1 2 |  2.0
Throwing       | |  0.1
Dodging        | |  2.1
Stealth        | |  3.0
Spellcasting   | |  3.0
Conjurations   | |  0.6
Summonings     | |  1.0
Translocations | |  0.7

Action                     || total
---------------------------++-------
  Melee: Dagger            ||    65
         Bite              ||    13
         Unarmed           ||   127
         Punch             ||     3
    Use: Scroll            ||     4
         Potion            ||     1
   Stab: Sleeping          ||     4
 Armour: Robe              ||    42
  Dodge: Dodged            ||   135
